 Dungeon Crawl Stone Soup version 0.18.1-2-ga659475 (webtiles) character file.

2415 lightmor the Fighter (level 9, 0/126 HPs)
             Began as a Centaur Warper on May 8, 2016.
             Slain by a killer bee (2 damage)
             ... on level 7 of the Dungeon.
             The game lasted 00:38:05 (18067 turns).

lightmor the Fighter (Centaur Warper)              Turns: 18067, Time: 00:38:07

Health: 0/126      AC: 24    Str: 14    XL:     9   Next: 23%
Magic:  20/20      EV:  1    Int: 20    God:
Gold:   510        SH:  0    Dex:  9    Spells: 5 memorised, 0 levels left

rFire  . . .     SeeInvis .     b - +1 trident
rCold  . . .     Gourm    .     (armour currently unavailable)
rNeg   + + +     Faith    .     (no shield)
rPois  +         Spirit   .     (helmet currently unavailable)
rElec  .         Dismiss  +     (cloak currently unavailable)
rCorr  .         Reflect  .     (gloves currently unavailable)
SustAt .         Harm     .     (no barding)
MR     .....     NoTele   +     t - amulet of dismissal
Stlth  +.........               l - ring of magical power
                                i - ring of wizardry

@: brilliant, lethally poisoned (0 -> -4), tree-form, not resistant to hostile
enchantments, very unstealthy
A: (hooves 0), (deformed body), (speed 0), (tough skin 0)
a: no special abilities


You were on level 7 of the Dungeon.
You were hungry.
You were a tree.
You visited 2 branches of the dungeon, and saw 9 of its levels.
You also visited: Sewer.

You collected 510 gold pieces.

Inventory:

Hand Weapons
 a - a +0 shortbow
 b - a +1 trident (weapon)
 u - a +0 short sword
 v - a +0 short sword of holy wrath
 E - a +0 blowgun
Missiles
 d - 2 tomahawks of dispersal
 g - 166 arrows
 p - 3 throwing nets
 q - 29 poisoned needles
 r - 258 stones (quivered)
 y - 3 tomahawks
Armour
 z - a +2 hat of magic resistance (melded)
 C - the +0 leather armour of the Unseen Realm (melded) {rElec}
   (You found it on level 4 of the Dungeon)

   It insulates you from electricity.
 L - the cursed +0 cloak of Deplu (melded) {MR++ MP+9 Str+3}
   (You found it on level 7 of the Dungeon)

   It affects your strength (+3).
   It affects your resistance to hostile enchantments.
   It affects your magic capacity (+9).
   It has a curse placed upon it.
Rods
 V - a +0 iron rod (9/9)
   (You found it on level 5 of the Dungeon)
Jewellery
 i - a ring of wizardry (left branch)
 l - a ring of magical power (right branch)
 n - a +4 ring of intelligence {unknown}
 t - an amulet of dismissal (around neck)
 P - an uncursed ring of flight
Wands
 A - a wand of flame (18/48)
 M - a wand of confusion (21/48)
 N - a wand of paralysis (15/24)
 Q - a wand of teleportation (6/9)
 T - a wand of flame (23/48)
 U - a wand of paralysis (8/24)
Scrolls
 c - 4 scrolls of blinking
 k - 2 scrolls of teleportation
 m - a scroll of amnesia
 o - a scroll of brand weapon {unknown}
 s - a scroll of enchant armour
 x - 7 scrolls of remove curse
 B - a scroll of noise {unknown}
 F - a scroll of random uselessness {unknown}
 I - a scroll of enchant weapon
 K - a scroll of fog {unknown}
Potions
 h - a potion of cure mutation
 j - a potion of invisibility
 H - a potion of flight
 O - a potion of degeneration
 R - a potion of haste
Books
 w - a book of Fire

   Spells                             Type                      Level
   a - Ignite Poison                  Fire/Transmutation/Poison    3
   b - Fireball                       Conjuration/Fire             5
   c - Bolt of Fire                   Conjuration/Fire             6
   d - Delayed Fireball               Conjuration/Fire             7
   e - Ring of Flames                 Charms/Fire                  7
 D - a book of Spatial Translocations

   Spells                             Type                      Level
   a - Apportation                    Translocation                1
   b - Blink                          Translocation                2
   c - Shroud of Golubria             Charms/Translocation         2
   d - Portal Projectile              Translocation                3
   e - Teleport Other                 Translocation                3
   f - Passage of Golubria            Translocation                4
 J - Vehumet's Catalogue of Combat Magic
   (You found it on level 5 of the Dungeon)

   Spells                             Type                      Level
   a - Magic Dart                     Conjuration                  1
 S - a book of Power

   Spells                             Type                      Level
   a - Fulminant Prism                Conjuration/Hexes            4
   b - Iskenderun's Mystic Blast      Conjuration                  4
   c - Venom Bolt                     Conjuration/Poison           5
   d - Bolt of Magma                  Conjuration/Fire/Earth       5
   e - Iron Shot                      Conjuration/Earth            6
   f - Orb of Destruction             Conjuration                  7
   g - Spellforged Servitor           Conjuration/Summoning        7
Comestibles
 f - 6 bread rations


   Skills:
 - Level 9.5 Fighting
 - Level 0.1 Short Blades
 * Level 5.0 Bows
 - Level 1.1 Throwing
 - Level 5.3 Armour
 - Level 1.3 Dodging
 - Level 0.8 Stealth
 - Level 2.0 Unarmed Combat
 - Level 1.5 Spellcasting
 - Level 2.6 Translocations


You couldn't memorise any spells.
You knew the following spells:

 Your Spells              Type           Power        Failure   Level  Hunger
a - Apportation           Tloc           ###.......   1%          1    #......
b - Blink                 Tloc           N/A          1%          2    ###....
c - Teleport Other        Tloc           ###.....     2%          3    ###....
d - Shroud of Golubria    Chrm/Tloc      ###.......   2%          2    ###....
e - Portal Projectile     Tloc           ###...       2%          3    ###....


Dungeon Overview and Level Annotations

Branches:
Dungeon (8/15)             Temple (1/1) D:4
   Lair: D:8-11

Altars:
Ashenzari
Cheibriados
Dithmenos
Fedhas
Gozag
Kikubaaqudgha
Makhleb
Nemelex Xobeh
Pakellas
Ru
Sif Muna
Trog
Vehumet
Xom
Yredelemnul
Zin

Annotations:
D:5 Menkaure
D:8 Psyche


Innate Abilities, Weirdness & Mutations

((You have hooves in place of feet.))
((Armour fits poorly on your strangely shaped body.))
((You cover ground very quickly.))
((You have extremely tough skin (AC +3).))


Message History

* * * LOW HITPOINT WARNING * * *
You feel sick.
The killer bee stings you but does no damage. x3
You closely miss the killer bee.
The killer bee is severely wounded.
* * * LOW HITPOINT WARNING * * *
You feel sick.
The killer bee stings you but does no damage. x2
You miss the killer bee.
The killer bee is severely wounded.
* * * LOW HITPOINT WARNING * * *
You feel sick.
The killer bee stings you but does no damage. x3
You miss the killer bee.
The killer bee is severely wounded.
* * * LOW HITPOINT WARNING * * *
You feel sick.
The killer bee stings you but does no damage. x2
The killer bee stings you.
You die...

#.........##..###.###
#####...#####..##...#
###.# ##..###..
#.#######'#####
########.......'_'.#
#..............#'#.#
#......#######<..###
####.....y.# #...#
#.......♣>.## ##..#
#.######....#######.#####
#.# #.##..........<...
#.# #.##########....##
#.# #...# #...(#..... #.#
#§§§# ####....... #.#
#§§§# #...#####.. #.#
#§§§# #....######
#.#####...#####.##.......


You could see a killer bee.

Vanquished Creatures
  Grinder (D:6)
  A water moccasin (D:7)
  2 phantoms
  3 sky beasts
  A black bear (D:6)
  2 centaurs (D:7)
  4 giant frogs
  A wyvern skeleton (D:7)
  A killer bee (D:7)
  A howler monkey (D:6)
  2 crimson imps
  5 hounds
  A quasit (D:5)
  A centaur skeleton (D:6)
  3 jellies
  A giant frog skeleton (D:5)
  An orc priest (D:6)
  An orc wizard (D:3)
  2 iguanas
  Jessica (D:2)
  Terence (D:3)
  6 worker ants
  2 hound skeletons
  3 gnolls (D:2)
  12 adders
  A river rat (D:5)
  3 oozes
  An adder skeleton (D:5)
  3 worms
  4 dart slugs
  10 giant geckos
  16 orcs
  2 ball pythons
  6 bats
  14 giant cockroaches
  3 goblins
  7 hobgoblins
  6 jackals
  A quokka (D:7)
  12 giant newts
  13 kobolds
  A quokka zombie (D:6)
  11 rats
173 creatures vanquished.

Vanquished Creatures (others)
  Joseph (D:7)
  A hippogriff (D:7)
2 creatures vanquished.

Grand Total: 175 creatures vanquished

Notes
Turn   | Place    | Note
--------------------------------------------------------------
     0 | D:1      | lightmor the Centaur Warper began the quest for the Orb.
     0 | D:1      | Reached XP level 1. HP: 17/17 MP: 3/3
   392 | D:1      | Reached XP level 2. HP: 22/25 MP: 4/4
   438 | D:1      | Reached skill level 3 in Fighting
   661 | D:1      | Learned a level 2 spell: Blink
  1149 | D:2      | Reached XP level 3. HP: 29/31 MP: 5/5
  1722 | D:2      | Noticed Jessica
  1726 | D:2      | Killed Jessica
  1726 | D:2      | Reached skill level 4 in Fighting
  1726 | D:2      | Reached XP level 4. HP: 41/41 MP: 6/6
  2663 | D:2      | Reached skill level 5 in Fighting
  2945 | D:2      | Learned a level 3 spell: Teleport Other
  3010 | D:2      | Reached XP level 5. HP: 30/48 MP: 7/7
  5852 | D:3      | Noticed Terence
  5891 | D:3      | Reached skill level 6 in Fighting
  6206 | D:3      | Killed Terence
  6206 | D:3      | Reached XP level 6. HP: 25/57 MP: 8/8
  6818 | D:4      | Learned a level 2 spell: Shroud of Golubria
  7019 | D:4      | Got an ichor-stained leather armour
  7030 | D:4      | Identified the cursed +0 leather armour of the Unseen Realm {rElec} (You found it on level 4 of the Dungeon)
  7208 | D:4      | Found a basalt altar of Yredelemnul.
  7223 | D:4      | Found a staircase to the Ecumenical Temple.
  7247 | Temple   | Entered the Ecumenical Temple
  8486 | D:5      | Entered Level 5 of the Dungeon
  8529 | D:5      | Found an oddly glowing altar of Pakellas.
  8604 | D:5      | Reached skill level 1 in Armour
  9041 | D:5      | Found a glowing drain.
  9045 | Sewer    | Entered a sewer
  9603 | Sewer    | Reached skill level 7 in Fighting
  9603 | Sewer    | Reached XP level 7. HP: 22/66 MP: 9/9
 10660 | D:6      | Noticed Grinder
 10727 | D:5      | Noticed Menkaure
 11414 | D:5      | Found an ancient bone altar of Kikubaaqudgha.
 11416 | D:5      | Found a deep blue altar of Sif Muna.
 11422 | D:5      | Found a radiant altar of Vehumet.
 11429 | D:5      | Identified Vehumet's Catalogue of Combat Magic
 11521 | D:5      | Found a glowing silver altar of Zin.
 11732 | D:5      | Noticed an angel
 11735 | D:5      | Found a shimmering altar of Xom.
 12198 | D:5      | Found a burning altar of Makhleb.
 12520 | D:6      | Reached skill level 8 in Fighting
 12520 | D:6      | Reached XP level 8. HP: 47/74 MP: 10/10
 13185 | D:6      | Paralysed by Grinder for 5 turns
 14189 | D:6      | Killed Grinder
 14488 | D:7      | Found a shattered altar of Ashenzari.
 14958 | D:7      | Reached skill level 9 in Fighting
 15136 | D:7      | Noticed Joseph
 15421 | D:6      | Reached skill level 5 in Armour
 15799 | D:7      | Killed Joseph
 15939 | D:7      | Reached XP level 9. HP: 23/84 MP: 11/11
 16022 | D:6      | Reached skill level 1 in Bows
 17127 | D:7      | Got a heavily runed cloak
 17138 | D:7      | Identified the cursed +0 cloak of Deplu {MR++ MP+9 Str+3} (You found it on level 7 of the Dungeon)
 17186 | D:7      | Learned a level 3 spell: Portal Projectile
 17299 | D:7      | Found a snail-covered altar of Cheibriados.
 17711 | D:8      | Noticed Psyche
 17727 | D:7      | Reached skill level 5 in Bows
 18064 | D:7      | HP: 5/126 [poisoned by a killer bee]
 18067 | D:7      | HP: 2/126 [poisoned by a killer bee]
 18067 | D:7      | Slain by a killer bee

Skill      XL: |  1  2  3  4  5  6  7  8  9 |
---------------+----------------------------+-----
Fighting       | 3 4 5 6 7 8 9 |  9.5
Armour         | 2 3 5 |  5.3
Bows           | 5 |  5.0
Short Blades   | |  0.1
Throwing       | |  1.1
Dodging        | |  1.3
Stealth        | |  0.8
Unarmed Combat | |  2.0
Spellcasting   | |  1.5
Translocations | |  2.6

Action                   |  1- 3 |  4- 6 |  7- 9 || total
-------------------------+-------+-------+-------++-------
Melee: Unarmed           |   165 |   265 |       ||   430
       Kick              |    26 |   101 |    82 ||   209
       Punch             |     1 |     3 |     2 ||     6
       Short sword       |       |   188 |       ||   188
       Trident           |       |   109 |   437 ||   546
 Fire: Shortbow          |       |       |    15 ||    15
Throw: Tomahawk          |       |    10 |     3 ||    13
       Stone             |       |    38 |    12 ||    50
 Cast: Teleport Other    |       |     4 |       ||     4
       Apportation       |       |     3 |       ||     3
       Shroud of Golubri |       |     1 |       ||     1
Evoke: Wand              |       |       |     3 ||     3
       Rod               |       |       |     1 ||     1
  Use: Scroll            |       |     6 |     8 ||    14
       Potion            |       |     1 |     5 ||     6
 Stab: Confused          |       |       |     2 ||     2
  Eat: Chunk             |     1 |    15 |    10 ||    26
       Bread ration      |       |     1 |     1 ||     2
       Meat ration       |       |     1 |     2 ||     3
Armor: Leather armour    |    67 |   225 |   249 ||   541
       Skin              |       |       |    15 ||    15
Dodge: Dodged            |    75 |   275 |   241 ||   591
